 Dungeon Crawl Stone Soup version 0.28.0-45-g0d030f2227 (webtiles) character file.

Game seed: 8433424153632274041

1204 safid the Cleaver (level 8, 0/73 HPs)
             Began as a Hill Orc Fighter on Apr 3, 2022.
             Was an Initiate of Beogh.
             Slain by an unseen horror (1 damage)
             ... on level 5 of the Dungeon.
             The game lasted 00:05:10 (4126 turns).

safid the Cleaver (Hill Orc Fighter)                Turns: 4126, Time: 00:05:11

Health: 0/73       AC: 16    Str: 21    XL:     8   Next: 45%
Magic:  8/8        EV:  5    Int: 10    God:    Beogh [......]
Gold:   296        SH:  4    Dex: 10    Spells: 7/7 levels left

rFire   . . .      SeeInvis .   a - +0 war axe
rCold   . . .      Faith    .   c - +0 buckler
rNeg    + + .      Spirit   .   i - +0 plate armour
rPois   .          Reflect  .   o - +4 helmet of Jigsaw {rN++ Int+2 Stlth-}
rElec   .          Harm     .   (no cloak)
rCorr   .          Rampage  .   (no gloves)
Will    .....                   (no boots)
Stlth   ..........              (no amulet)
HPRegen 0.22/turn               (no ring)
MPRegen 0.11/turn               (no ring)

@: no status effects
A: no striking features
a: Renounce Religion


You were on level 5 of the Dungeon.
You worshipped Beogh.
Beogh was noncommittal.
You visited 1 branch of the dungeon, and saw 5 of its levels.

You collected 296 gold pieces.

Inventory:

Hand Weapons
 a - a +0 war axe (weapon)
Missiles
 y - a throwing net (quivered)
Armour
 c - a +0 buckler (worn)
 i - a +0 plate armour (worn)
 o - the +4 helmet of Jigsaw (worn) {rN++ Int+2 Stlth-}
   (You took it off Robin on level 3 of the Dungeon)

   Int:       It affects your intelligence (+2).
   rN:        It greatly protects you from negative energy.
   Stlth:     It makes you less stealthy.
Jewellery
 v - a +6 ring of intelligence
Wands
 r - a wand of polymorph (13)
 u - a wand of iceblast (5)
Scrolls
 b - a scroll of immolation {unknown}
 f - 3 scrolls of identify {unknown}
 h - a scroll of blinking {unknown}
 j - a scroll of fear {unknown}
 k - a scroll of teleportation {unknown}
 n - a scroll of magic mapping {unknown}
 p - 3 scrolls of summoning {unknown}
 q - a scroll of enchant weapon {unknown}
 t - a scroll of amnesia {unknown}
 w - a scroll of vulnerability {unknown}
 x - a scroll of fog {unknown}
Potions
 d - 2 potions of might
 e - 2 potions of lignification {unknown}
 g - a potion of brilliance {unknown}
 l - 2 potions of heal wounds {unknown}
 m - a potion of ambrosia {unknown}
 z - a potion of resistance {unknown}


   Skills:
 + Level 7.4 Fighting
 * Level 10.3 Axes
 - Level 4.0 Armour
 - Level 4.0 Shields


You had 7 spell levels left.
You didn't know any spells.
Your spell library was empty.

Dungeon Overview and Level Annotations

Branches:
Dungeon (5/15)
 Temple: D:4-7

Altars:
Xom

Shops:
D:5 (


Message History

Something hits you but does no damage. x2
Something hits you but does no damage.
Found a scroll labelled RIYM KEUMIH.
Something hits you but does no damage. Something completely misses you.
Found a stone staircase leading down.
Something hits you! Something completely misses you. Something hits you.
Something hits you but does no damage. Something hits you. Something hits you!
You slash something! Something hits you.
* * * LOW HITPOINT WARNING * * *
You hit something but do no damage. Something hits you but does no damage.
Something hits you!
* * * LOW HITPOINT WARNING * * *
Something completely misses you. Something hits you but does no damage.
Something hits you.
* * * LOW HITPOINT WARNING * * *
Something hits you.
* * * LOW HITPOINT WARNING * * *
Something hits you but does no damage. Something hits you.
* * * LOW HITPOINT WARNING * * *
Something hits you but does no damage.
You feel better. Something hits you.
* * * LOW HITPOINT WARNING * * *
Something hits you but does no damage. x2
Something hits you but does no damage. x2
You closely miss something. Something hits you!
* * * LOW HITPOINT WARNING * * *
Something hits you but does no damage.
You slash something! Something hits you but does no damage.
Something hits you but does no damage. Something hits you but does no damage.
You barely miss something. Something hits you but does no damage.
Something hits you but does no damage. Something hits you.
* * * LOW HITPOINT WARNING * * *
You closely miss something. Something hits you.
* * * LOW HITPOINT WARNING * * *
Something hits you.
You die...

#............... #.#####>#
######........# #.##....#
##.#.##.## #.##.##.# #.#
#......# #....[..## #.# ##...###
#......... #.# #...# #..#.#..##
#.# #...# #..#.#..# #.# #...#
#..#.#..# ###.#
#######..@#######..#.#..#
#>.?###........{......#.......##
#.............................
#.###...............#.....####
#.# ######.....#######.#..###
#.# #.....# ###.......# ...
#.....# #.......#.# #.# #.....#
#.#..#..#.# #.# #.....#
#.#..#..#.##


There were no monsters in sight!

Vanquished Creatures
  Pikel (D:4)
  Sigmund (D:4)
  2 black bears
  A centaur (D:5)
  A bullfrog skeleton (D:3)
  An orc priest (D:5)
  A hound (D:5)
  An iguana (D:4)
  2 orc wizards
  Robin (D:3)
  3 adders
  2 adder skeletons (D:4)
  2 worms (D:4)
  7 orcs
  5 ball pythons
  5 endoplasms
  3 giant cockroaches
  14 goblins
  10 hobgoblins
  4 jackals (D:3)
  6 kobolds
  5 quokkas
  4 bats
  4 frilled lizards
  A rat (D:1)
87 creatures vanquished.

Vanquished Creatures (others)
  An orc priest (D:4)
1 creature vanquished.

Grand Total: 88 creatures vanquished

Notes
Turn   | Place    | Note
-------+----------+-------------------------------------------
     0 | D:1      | safid the Hill Orc Fighter began the quest for the Orb.
     0 | D:1      | Reached XP level 1. HP: 19/19 MP: 1/1
   134 | D:1      | Reached skill level 3 in Axes
   148 | D:1      | Reached XP level 2. HP: 19/27 MP: 2/2
  1074 | D:2      | Reached XP level 3. HP: 32/33 MP: 3/3
  1518 | D:2      | Found a faded altar of an unknown god.
  2003 | D:3      | Reached skill level 4 in Axes
  2003 | D:3      | Reached XP level 4. HP: 38/40 MP: 4/4
  2358 | D:3      | Identified the +4 helmet of Jigsaw {rN++ Int+2 Stlth-}
  2358 | D:3      | Noticed Robin
  2399 | D:3      | Killed Robin
  2400 | D:3      | Reached XP level 5. HP: 21/47 MP: 5/5
  2892 | D:4      | Reached skill level 5 in Axes
  2964 | D:4      | Noticed a lemure
  2967 | D:4      | Noticed Pikel
  2971 | D:4      | Noticed a lemure
  2973 | D:4      | Noticed a lemure
  2983 | D:4      | Killed Pikel
  2984 | D:4      | Reached skill level 8 in Axes
  2984 | D:4      | Reached XP level 6. HP: 34/57 MP: 6/6
  2984 | D:4      | Reached XP level 7. HP: 38/63 MP: 7/7
  3247 | D:4      | Became a worshipper of Beogh the Brigand
  3272 | D:4      | Noticed Sigmund
  3278 | D:4      | Killed Sigmund
  3279 | D:4      | Reached skill level 9 in Axes
  3327 | D:4      | Reached XP level 8. HP: 68/71 MP: 8/8
  3381 | D:4      | Found a shimmering altar of Xom.
  3764 | D:5      | Entered Level 5 of the Dungeon
  3817 | D:5      | Reached skill level 10 in Axes
  3912 | D:5      | Found Ilumuurgh's Antique Weapon Shop.
  4118 | D:5      | HP: 3/73 [something (8)]
  4125 | D:5      | HP: 2/73 [something (3)]
  4126 | D:5      | Slain by an unseen horror

Illustrated notes

Levels and vault maps discovered:
D:1:      tarquinn_simple_flora_water_e, layout_basic
D:2:      layout_loops_corners, ebering_ecumenical_altar_sacrificial
D:3:      layout_basic, uniq_robin
D:4:      layout_loops_ring, xom_teletrap_fun, uniq_sigmund, uniq_pikel
D:5:      layout_loops_cross, serial_shops, shop, nrook_pool_corridor

Skill      XL: |  1  2  3  4  5  6  7  8 |
---------------+-------------------------+-----
Axes           | 3 4 8 9 10 | 10.3
Fighting       | 4 6 7 |  7.4
Shields        | 4 |  4.0
Armour         | 4 |  4.0

Action                   |  1- 3 |  4- 6 |  7- 9 || total
-------------------------+-------+-------+-------++-------
Melee: War axe           |    98 |    91 |    69 ||   258
Invok: Convert to Beogh  |       |       |     1 ||     1
  Use: Potion            |       |     2 |     2 ||     4
Armor: Scale mail        |    15 |       |       ||    15
       Plate armour      |    28 |    55 |    92 ||   175
       Skin              |       |     3 |     4 ||     7
Dodge: Dodged            |    41 |    27 |    19 ||    87
Block: Buckler           |    21 |    16 |    16 ||    53
